 Dungeon Crawl Stone Soup version 0.19.0-11-g3fc08b3 (webtiles) character file.

65 McCoppin the Skirmisher (level 3, 0/30 HPs)
             Began as a Demonspawn Chaos Knight on Nov 8, 2016.
             Succumbed to a worker ant's poison
             ... on level 4 of the Dungeon.
             The game lasted 00:03:47 (1253 turns).

McCoppin the Skirmisher (Demonspawn Chaos Knight)   Turns: 1253, Time: 00:03:48

Health: 0/30       AC:  8    Str: 18    XL:     3   Next: 92%
Magic:  1/3        EV: 16    Int: 13    God:    Xom [*.....]
Gold:   70         SH:  0    Dex: 17    Spells: 0 memorised, 2 levels left

rFire  . . .     SeeInvis .     a - +0 mace (chaos)
rCold  . . .     Gourm    .     b - +2 leather armour
rNeg   . . .     Faith    .     (no shield)
rPois  .         Spirit   +     (no helmet)
rElec  .         Reflect  .     (no cloak)
rCorr  .         Harm     +     f - +0 pair of gloves
MR     .....                    (no boots)
Stlth  ++........               d - amulet of harm
                                (no ring)
                                (no ring)

@: mighty, agile, lethally poisoned (0 -> -10)
A: molten scales 1, magic shield
a: Renounce Religion


You were on level 4 of the Dungeon.
You worshipped Xom.
You were a special plaything of Xom.
You were not hungry.

You visited 1 branch of the dungeon, and saw 4 of its levels.

You collected 70 gold pieces.

Inventory:

Hand Weapons
 a - a +0 mace of chaos (weapon)
Armour
 b - a +2 leather armour (worn)
 f - a +0 pair of gloves (worn)
Jewellery
 d - an amulet of harm (around neck)
Scrolls
 e - 2 scrolls of identify {unknown}
Comestibles
 c - 4 bread rations


   Skills:
 + Level 4.1 Fighting
 + Level 3.5 Maces & Flails
 - Level 1.7 Armour
 - Level 0.8 Dodging


You had 2 spell levels left.
You didn't know any spells.

Dungeon Overview and Level Annotations

Branches:
Dungeon (4/15)
 Temple: D:4-7

Altars:


Innate Abilities, Weirdness & Mutations

You are partially covered in molten scales. (AC +2)
When hurt, damage is shared between your health and your magic reserves.


Message History

You are too injured to fight recklessly!
You are too injured to fight recklessly!
You are too injured to fight recklessly!
You are too injured to fight recklessly!
You are too injured to fight recklessly!
It was a potion of agility.
You feel agile all of a sudden.
You feel sick. The worker ant closely misses you.
The worker ant barely misses you.
It was a potion of might.
You feel very mighty all of a sudden.
You feel sick. The worker ant bites you.
* * * LOW HITPOINT WARNING * * *
The worker ant bites you.
* * * LOW HITPOINT WARNING * * *
You emit a cloud of colourful smoke!
You hit the worker ant. You freeze the worker ant.
The worker ant is almost dead.
You die...
Xom roars with laughter!

#.... #....###+#### ..
#....##.....# ....
#....##.....+
.....##....##.....#
...................####
.......................
...............a§......
............##.@§..##
............##..§..#
............#..........
............#..........
............+..........
##...###....##.....####
#######....##.....#
#..................
#..............


You could see a worker ant (berserk).

Vanquished Creatures
  2 adders (D:2)
  A dart slug (D:1)
  A giant cockroach (D:2)
  7 goblins
  3 hobgoblins
  5 jackals
  A quokka (D:3)
  9 bats
  5 frilled lizards
  4 kobolds
  7 rats
45 creatures vanquished.

Notes
Turn   | Place    | Note
-------+----------+-------------------------------------------
     0 | D:1      | McCoppin the Demonspawn Chaos Knight began the quest for the Orb.
     0 | D:1      | Reached XP level 1. HP: 18/18 MP: 1/1
    47 | D:1      | XOM: silly message
    86 | D:1      | XOM: divination: detect items
   118 | D:1      | Gained mutation: You are partially covered in molten scales. (AC +2) [demonic ancestry]
   118 | D:1      | Reached XP level 2. HP: 17/24 MP: 2/2
   201 | D:1      | You fall through a shaft!
   258 | D:2      | Gained mutation: When hurt, damage is shared between your health and your magic reserves. [demonic ancestry]
   258 | D:2      | Reached XP level 3. HP: 17/30 MP: 3/3
   688 | D:2      | XOM: enchant monster (bad)
   696 | D:2      | Reached skill level 4 in Fighting
   719 | D:2      | XOM: severe Erth miscast
  1252 | D:4      | HP: 1/30 [worker ant (4)]
  1252 | D:4      | XOM: smoke on damage
  1253 | D:4      | Succumbed to a worker ant's poison

Skill      XL: |  1  2  3 |
---------------+----------+-----
Maces & Flails | 3 |  3.5
Fighting       | 4 |  4.1
Armour         | |  1.7
Dodging        | |  0.8

Action                   || total
-------------------------++-------
Melee: Mace              ||   155
  Use: Potion            ||     2
 Stab: Confused          ||     3
       Sleeping          ||     2
  Eat: Chunk             ||     1
Armor: Leather armour    ||   116
Dodge: Dodged            ||   105
